 Dungeon Crawl Stone Soup version 0.29.1-1-gd02db69 (webtiles) character file.

Game seed: 11253669345631970525

1925 mallonox the Poker (level 9, -1/56 HPs)
             Began as a Gargoyle Berserker on Dec 18, 2022.
             Was a Believer of Trog.
             Slain by an orc warrior
             ... wielding a +0 glaive
              (19 damage)
             ... in a bailey.
             The game lasted 00:17:07 (7991 turns).

mallonox the Poker (Gargoyle Berserker)             Turns: 7991, Time: 00:17:07

Health: -1/56      AC:  9    Str: 26    XL:     9   Next: 17%
Magic:  9/9        EV: 16    Int:  7    God:    Trog [**....]
Gold:   335        SH:  0    Dex:  9    Spells: 8/8 levels left

rFire   . . .      SeeInvis .   v - +2 spear (vorpal)
rCold   . . .      Faith    .   (no shield)
rNeg    + + .      Spirit   .   b - +0 animal skin
rPois   ∞          Reflect  .   w - +0 helmet
rElec   +          Harm     .   (no cloak)
rCorr   .          Rampage  .   (no gloves)
Will    ++...                   (no boots)
Stlth   ++........              (no amulet)
HPRegen 1.18/turn               h - ring of positive energy
MPRegen 0.11/turn               A - +4 ring of evasion

@: strong-willed, regenerating
A: sickness immunity, AC +6, negative energy resistance 1, electricity
resistance, torment resistance 1, petrification resistance
a: Renounce Religion, Berserk, Trog's Hand


You were in a bailey.
You worshipped Trog.
Trog was pleased with you.
You visited 1 branch of the dungeon, and saw 7 of its levels.
You also visited: Bailey.

You collected 335 gold pieces.

Inventory:

Hand Weapons
 a - a +0 mace
 v - a +2 vorpal spear (weapon)
Missiles
 y - 30 stones (quivered)
 D - a curare-tipped dart
Armour
 b - a +0 animal skin (worn)
 n - a +0 ring mail
 w - a +0 helmet (worn)
Jewellery
 h - a ring of positive energy (left hand)
 A - a +4 ring of evasion (right hand)
 C - a ring of ice
Wands
 l - a wand of mindburst (16)
 B - a wand of flame (6)
Scrolls
 c - 3 scrolls of immolation
 d - a scroll of enchant armour {unknown}
 g - 2 scrolls of enchant weapon
 j - a scroll of blinking {unknown}
 k - 2 scrolls of fog
 r - 3 scrolls of teleportation
 t - a scroll of acquirement {unknown}
Potions
 e - a potion of heal wounds
 i - 2 potions of might {unknown}
 m - a potion of resistance {unknown}
 o - a potion of cancellation {unknown}
 p - a potion of haste {unknown}
 q - 2 potions of magic {unknown}
 s - 2 potions of curing {unknown}
 z - a potion of ambrosia {unknown}
 E - a potion of brilliance {unknown}


   Skills:
 + Level 6.6 Fighting
 - Level 3.0 Maces & Flails
 * Level 7.4 Polearms
 + Level 2.5 Armour
 + Level 4.4 Dodging
 + Level 4.1 Stealth


You had 8 spell levels left.
You didn't know any spells.
Your spell library was empty.

Dungeon Overview and Level Annotations

Branches:
Dungeon (7/15)             Temple (0/1) D:4          Bailey (1/1)

Altars:
Hepliaklqana
Makhleb
Qazlal
Yredelemnul
The Shining One

Annotations:
D:5 exclusion: ice beast


Innate Abilities, Weirdness & Mutations

You are immune to sickness and miasma.
Your stone body is resilient. (AC +6)
You are immune to poison.
You resist negative energy. (rN+)
You are resistant to electric shocks. (rElec)
You are resistant to unholy torment.
You are immune to petrification.


Message History

You reach to attack!
You hit the orc warrior.
The orc warrior is lightly wounded.
The orc hits you but does no damage.
You reach to attack!
You hit the orc warrior.
The orc warrior is moderately wounded.
The orc warrior closely misses you. The orc hits you but does no damage.
You reach to attack!
You hit the orc warrior.
The orc warrior is heavily wounded.
The orc warrior hits you from afar with a +0 glaive.
The orc hits you but does no damage.
You reach to attack!
You hit the orc warrior.
The orc warrior is heavily wounded.
The orc warrior hits you from afar with a +0 glaive!
You reach to attack!
You hit the orc warrior.
The orc warrior is severely wounded.
The orc barely misses you. The orc barely misses you.
You reach to attack!
You hit the orc warrior.
The orc warrior is severely wounded.
The orc warrior hits you from afar with a +0 glaive!
You are too injured to fight recklessly!
Your skin crawls.
You feel strong-willed. The orc hits you but does no damage.
The orc warrior misses you.
Reach: v) +2 spear (vorpal)
Press: ? - help, Dir - move target, f/p - orc warrior
Aim: an orc warrior, wielding a +0 glaive and wearing a +0 plate armour (severely wounded, about 34% to evade your +2 vorpal spear)
You reach to attack!
You hit the orc warrior.
The orc warrior is almost dead.
The orc splashes around in the water.
The orc warrior barely misses you.
Reach: v) +2 spear (vorpal)
Press: ? - help, Dir - move target, f/p - orc warrior
Aim: an orc warrior, wielding a +0 glaive and wearing a +0 plate armour (almost dead, about 34% to evade your +2 vorpal spear)
You reach to attack!
You closely miss the orc warrior.
The orc warrior is almost dead.
The orc hits you from afar with a +0 trident.
* * * LOW HITPOINT WARNING * * *
You fail to use your ability.
The orc warrior barely misses you.
The orc warrior hits you with a +0 glaive!!
You die...

###### ......#
~~~~~..##
....~~..##
#..~~..##########
##.)~~..........#
#).o~~~~~~~~~.#
##oo@.......~.#
#'#########.~.#
... ##.~.# ≈≈≈≈
##..~.# ....≈
##..~~.# ⌠∩⌠.
#..~~.∩# +# .⌠§.
#+#..~~.## .##
##.##..~~.# $.
#...##..~.#


You could see 2 orc warriors and an orc.

Vanquished Creatures
  A troll (D:7)
  Grinder (D:6)
  A water moccasin (D:7)
  An ice beast (D:5)
  A black bear (D:5)
  2 orc warriors (Bailey)
  A sky beast (D:6)
  An ogre (D:6)
  A kobold brigand (D:6)
  A bullfrog (D:6)
  2 scorpions
  3 killer bees (D:7)
  3 hounds (D:5)
  A jelly (D:7)
  An orc priest (D:4)
  Jessica (D:3)
  3 iguanas
  An orc wizard (D:5)
  7 adders
  4 gnolls (D:2)
  4 white imps
  A worm (D:2)
  2 dart slugs
  13 orcs
  4 endoplasms
  5 giant cockroaches
  5 goblins
  5 hobgoblins
  9 jackals
  2 quokkas
  4 ball pythons
  4 bats (D:1)
  3 frilled lizards
  A goblin zombie (D:4)
  16 kobolds
  2 rats
  A spectral kobold (D:4)
118 creatures vanquished.

Vanquished Creatures (others)
  Robin (D:4)
  An ufetubus (D:4)
  An endoplasm (D:4)
  2 hobgoblins (D:4)
  A kobold (D:4)
  6 goblins (D:4)
  12 plants (D:5)
24 creatures vanquished.

Grand Total: 142 creatures vanquished

Notes
Turn   | Place    | Note
-------+----------+-------------------------------------------
     0 | D:1      | mallonox the Gargoyle Berserker began the quest for the
                  | Orb.
     0 | D:1      | Reached XP level 1. HP: 14/14 MP: 1/1
   145 | D:1      | Reached XP level 2. HP: 6/20 MP: 2/2
   726 | D:1      | Found a faded altar of an unknown god.
  1204 | D:2      | Reached XP level 3. HP: 20/24 MP: 3/3
  1856 | D:2      | Reached XP level 4. HP: 30/30 MP: 4/4
  1861 | D:2      | Reached skill level 1 in Stealth
  1862 | D:2      | Reached skill level 5 in Fighting
  2424 | D:3      | Found a glowing golden altar of the Shining One.
  2561 | D:3      | Reached XP level 5. HP: 30/35 MP: 5/5
  2974 | D:3      | Noticed Jessica
  2976 | D:3      | Killed Jessica
  3144 | D:4      | Found a staircase to the Ecumenical Temple.
  3190 | D:4      | Found a runed translucent door.
  3190 | D:4      | Noticed a human
  3242 | D:4      | Found a basalt altar of Yredelemnul.
  3431 | D:4      | Noticed Robin
  3486 | D:4      | Reached ** piety under Trog
  3492 | D:4      | Killed Robin
  3840 | D:4      | Reached XP level 6. HP: 3/41 MP: 6/6
  4405 | D:4      | Found a hazy altar of Hepliaklqana.
  4431 | D:4      | Found a stormy altar of Qazlal.
  4433 | D:4      | Noticed a fire elemental
  4434 | D:4      | Noticed an air elemental
  4434 | D:4      | Noticed a water elemental
  4631 | D:5      | Entered Level 5 of the Dungeon
  4668 | D:5      | Found a burning altar of Makhleb.
  4716 | D:5      | Reached skill level 1 in Polearms
  4877 | D:5      | Noticed an ice beast
  5187 | D:5      | Reached skill level 2 in Polearms
  5298 | D:5      | Noticed a black bear
  5315 | D:5      | Killed a black bear
  5316 | D:5      | Reached XP level 7. HP: 46/46 MP: 7/7
  5595 | D:5      | Reached skill level 3 in Polearms
  6046 | D:6      | Reached skill level 4 in Polearms
  6448 | D:6      | Reached XP level 8. HP: 38/51 MP: 8/8
  6544 | D:6      | Reached skill level 5 in Polearms
  6558 | D:6      | Noticed Grinder
  6573 | D:6      | Killed Grinder
  7405 | D:7      | Noticed a troll
  7412 | D:7      | Killed a troll
  7413 | D:7      | Reached skill level 6 in Polearms
  7534 | D:7      | Found a flagged portal.
  7556 | D:7      | Reached XP level 9. HP: 9/56 MP: 9/9
  7564 | D:7      | Reached skill level 7 in Polearms
  7626 | Bailey   | Entered a bailey
  7991 | Bailey   | Slain by an orc warrior

Illustrated notes

Levels and vault maps discovered:
D:1:      dpeg_arrival_short_road, layout_basic, ebering_ecumenical_altar_rust
D:2:      minmay_wonky_spiral, layout_basic, hangedman_decor_clover_reticule
D:3:      layout_loops_ring, mainiacjoe_overflow_concentric_impassable,
          solitary_fountain, roderic_serpentine_path, uniq_jessica
D:4:      layout_gridville, dk_yredelemnul_ordeal,
          nicolae_hepliaklqana_monster_ancestors,
          nicolae_qazlal_style_of_elements, minmay_temple_entry_proselytizer,
          uniq_robin
D:5:      layout_rooms, bloody_makhleb, serial_bayou, serial_bayou_ford_a,
          serial_bayou_lagoon_a, serial_bayou_pond_d, serial_bayou_shore_a
D:6:      layout_layer_cave, uniq_grinder
D:7:      layout_rooms, nicolae_ru_awakened_eye, enter_bailey_2
Bailey:   bailey_polearm_1, bailey

Skill      XL: |  1  2  3  4  5  6  7  8  9 |
---------------+----------------------------+-----
Fighting       | 4 5 6 |  6.6
Dodging        | 2 3 4 |  4.4
Stealth        | 1 2 3 4 |  4.1
Polearms       | 2 4 6 7 |  7.4
Maces & Flails | |  3.0
Armour         | |  2.5

Action                   |  1- 3 |  4- 6 |  7- 9 || total
-------------------------+-------+-------+-------++-------
Melee: Mace              |    95 |   107 |       ||   202
       Spear             |       |    95 |   187 ||   282
       Punch             |       |     1 |     2 ||     3
Throw: Stone             |       |       |     1 ||     1
Invok: Berserk           |     2 |     5 |     5 ||    12
       Trog's Hand       |       |       |     4 ||     4
  Use: Scroll            |       |       |     6 ||     6
 Stab: Sleeping          |     2 |     3 |     2 ||     7
Armor: Animal skin       |    39 |    85 |    41 ||   165
Dodge: Dodged            |    73 |   160 |   113 ||   346
